Map: 宿怨战场-天梯版

Players

MaNa - Winner!

  • Race: Protoss Protoss
  • League: Master

Lambo

  • Race: Zerg Zerg
  • League: Gold

Event: WESG 2018 Grand Finals

VOD

Have the link to the VOD?

Description

Time

  • Played on: March 11, 2019, 5:28 a.m.
  • Length: 8:09

All games in this series

Show
View Real Time Build Order
Export as new Build Order

MaNa Protoss - Winner!

Build Orders: 1 Gate Expand 

Get SALT Encoding   

  12  0:00  Probe  
  13  0:12  Probe  
  14  0:18  Pylon  
  14  0:24  Probe  
  15  0:32  Probe  
  15  0:40  Gateway, Probe  
  16  0:49  Assimilator  
  17  0:51  Probe  
  18  0:59  Probe  
  19  1:07  Probe  
  20  1:25  Nexus  
  20  1:36  Cybernetics Core  
  20  1:38  Probe  
  21  1:45  Assimilator  
  21  1:50  Probe  
  22  1:55  Pylon  
  22  2:02  Probe  
  22  2:04  Adept  
  23  2:14  Probe  
  26  2:22  Warp Gate  
  26  2:26  Stalker  
  26  2:27  Probe  
  27  2:30  Robotics Facility  
  29  2:39  Probe x2  
  31  2:51  Probe x2  
  33  3:00  Sentry  
  33  3:03  Probe x2  
  37  3:07  Forge  
  37  3:11  Warp Prism  
  37  3:13  Gateway  
  37  3:15  Probe  
  38  3:24  Probe  
  41  3:27  Probe  
  41  3:33  Pylon  
  42  3:36  Probe  
  42  3:39  Probe  
  42  3:40  Protoss Ground Weapons Level 1  
  44  3:41  Immortal  
  45  3:53  Probe  
  49  3:55  Assimilator  
  49  3:57  Probe  
  50  4:05  Probe  
  51  4:12  Adept  
  51  4:13  Pylon  
  53  4:17  Observer  
  53  4:23  Pylon  
  54  4:33  Gateway  
  54  4:34  Sentry x2, Gateway  
  54  4:37  Immortal, Gateway  
  58  4:41  Gateway  
  62  4:50  Gateway  
  62  4:57  Sentry x2  
  62  4:59  Pylon  
  66  5:02  Pylon  
  66  5:04  Probe x2  
  68  5:13  Pylon  
  68  5:21  Adept x2  
  72  5:22  Observer  
  72  5:35  Stalker  
  72  5:36  Stalker x3  
  80  5:45  Zealot  
  82  5:50  Zealot x2  
  85  6:08  Stalker x3  
  87  6:11  Warp Prism  
  87  6:12  Zealot  
  87  6:13  Zealot x2  
  81  6:21  Stalker x4  
  87  6:32  Zealot x3  
  91  6:35  Pylon  
  91  6:37  Pylon  
  91  6:47  Pylon  
  91  6:56  Sentry x3  
  91  6:57  Adept, Zealot x3  
  105  7:17  Adept  
  105  7:18  Adept, Zealot x2  
  105  7:19  Stalker x2  
  117  7:23  Pylon  
  97  7:39  Stalker x2  
  97  7:40  Stalker  
  97  7:42  Zealot x2  
  93  7:50  Stalker  
  93  7:51  Stalker x2  
  83  8:05  Adept x4  
Show
View Real Time Build Order
Export as new Build Order

Lambo Zerg 

Build Orders: Hatch First 

Get SALT Encoding   

  12  0:01  Drone  
  13  0:12  Overlord  
  13  0:16  Drone  
  14  0:30  Drone x2  
  16  0:49  Drone x2  
  18  0:59  Drone, Hatchery  
  18  1:03  Extractor  
  17  1:14  Spawning Pool  
  17  1:16  Drone  
  17  1:20  Drone  
  18  1:27  Drone  
  19  1:46  Drone  
  20  1:55  Overlord  
  20  2:02  Queen  
  22  2:09  Metabolic Boost  
  22  2:12  Zergling x6  
  22  2:14  Queen  
  27  2:21  Drone  
  28  2:26  Drone  
  29  2:32  Drone  
  30  2:40  Hatchery  
  30  2:42  Drone  
  30  2:48  Drone  
  30  2:49  Overlord  
  31  2:53  Drone  
  32  3:00  Queen  
  32  3:04  Overlord  
  34  3:07  Drone  
  34  3:09  Drone  
  36  3:20  Overlord  
  36  3:23  Drone x2  
  36  3:24  Drone x2  
  40  3:30  Spore Crawler  
  40  3:31  Drone  
  40  3:33  Drone  
  41  3:36  Queen  
  41  3:38  Drone  
  44  3:46  Drone  
  44  3:48  Drone  
  44  3:49  Drone  
  44  3:51  Drone  
  44  3:54  Drone, Overlord  
  48  4:02  Zergling x4  
  50  4:05  Zergling x2  
  50  4:08  Roach Warren  
  50  4:09  Zergling x6  
  53  4:11  Drone  
  53  4:14  Queen  
  55  4:18  Overlord  
  55  4:20  Drone  
  55  4:23  Overlord  
  55  4:24  Zergling x2  
  55  4:28  Drone x3  
  55  4:30  Drone  
  60  4:35  Lair  
  59  4:39  Drone  
  59  4:40  Drone  
  59  4:43  Drone x2  
  63  4:48  Drone x4  
  63  4:50  Extractor  
  63  4:51  Drone x2  
  63  4:52  Extractor  
  67  4:53  Drone  
  67  4:55  Drone  
  67  4:56  Overlord  
  67  4:58  Zergling x2  
  70  5:01  Drone x2  
  70  5:04  Extractor x2  
  70  5:05  Drone  
  71  5:09  Evolution Chamber  
  71  5:11  Overlord  
  70  5:15  Drone x2  
  70  5:20  Roach x3  
  70  5:21  Roach  
  80  5:23  Overlord  
  80  5:24  Roach  
  80  5:25  Roach  
  80  5:28  Overlord  
  84  5:31  Overlord  
  84  5:33  Roach  
  86  5:37  Roach x2, Spine Crawler  
  86  5:41  Ravager x2  
  90  5:44  Roach x3, Ravager  
  90  5:46  Overlord  
  90  5:47  Zergling x2  
  98  5:51  Zergling x4  
  98  5:53  Zergling x4  
  102  5:57  Roach  
  102  6:00  Zergling x4  
  100  6:06  Zergling x12  
  100  6:11  Zergling x6, Roach  
  96  6:12  Roach  
  96  6:16  Roach  
  90  6:23  Roach x2  
  90  6:24  Queen  
  90  6:26  Roach  
  90  6:28  Ravager x2  
  90  6:32  Roach  
  93  6:36  Roach x2  
  93  6:38  Ravager x2  
  99  6:44  Roach x2  
  99  6:47  Roach  
  105  6:52  Ravager  
  106  6:56  Zergling x4, Roach, Extractor  
  109  7:05  Roach x2  
  113  7:09  Roach  
  113  7:13  Overlord  
  113  7:14  Roach x2  
  120  7:15  Roach  
  120  7:20  Roach x2  
  124  7:26  Roach  
  124  7:29  Roach x2  
  127  7:32  Roach  
  127  7:33  Zergling x2, Roach  
  117  7:39  Zergling x8  
  103  7:44  Roach  
  103  7:45  Roach x4  
  103  7:49  Roach  
Tags
 
Add a new tag
Caveats
  • Supply blocks, unpowered buildings, or Contaminate may cause inaccurate times.
  • Supply counts are checked every 10 seconds.